AoeStats
← TheQuietRiot

Arabia

508059851Analyzed
1v1 RM · 11d ago on Sep 20, 2026· 41m 56s· 2 players
Game mode
Random Map
Map size
Tiny (2 player)
Population
200
Speed
Normal
Resources
Standard
Victory
Conquest
Starting age
Dark Age
Ending age
Imperial Age
RankedLock teamsTeams togetherTeam positionsShared explorationLock speedFull tech treeHidden civsTurbo modeCheats
Victory
Defeat
🇲🇽 Bohemians · Mexico
1002
+16
🇬🇧 Spanish · United Kingdom
1002
-16
TheQuietRiot
8:43 Loom
11:02 Feudal Age
11:40 Double-Bit Axe
17:39 Stone Mining
20:52 Castle Age
20:21 Horse Collar
25:47 Bow Saw
27:56 Fervor
34:34 Ballistics
34:41 Scale Barding Armor
34:38 Padded Archer Armor
41:01 Squires
40:22 Pikeman
Amir
6:29 Loom
9:34 Feudal Age
10:43 Double-Bit Axe
15:48 Wheelbarrow
14:57 Horse Collar
15:54 Town Watch
19:44 Castle Age
19:20 Forging
19:16 Scale Barding Armor
23:05 Iron Casting
28:26 Chain Barding Armor
28:50 Husbandry
32:37 Imperial Age
31:29 Hand Cart
31:53 Bow Saw
31:45 Heavy Plow
32:12 Hand Cart
32:02 Town Patrol
32:32 Sanctity
32:27 Fervor
34:00 Block Printing
34:16 Illumination
38:20 Blast Furnace
36:43 Cavalier
42:13 Ballistics
Connection lost

Rejoining the realm…

Still unreachable

The connection could not be restored.

Session expired

The server has moved on; the page needs a fresh start.